Map: Ulrena

Players

HerOSteve - Winner!

  • Race: Protoss Protoss
  • League: Diamond

LilDicky

  • Race: Terran Terran
  • League: Diamond

VOD

http://www.twitch.tv/tumescentpie

Description

Time

  • Played on: Dec. 12, 2015, 9:22 p.m.
  • Length: 5:46
Show
View Real Time Build Order
Export as new Build Order

HerOSteve Protoss - Winner!

Build Orders: 1 Gate Expand, Oracle Opening 

Get SALT Encoding   

  12  0:01  Probe (Chrono Boost)  
  13  0:11  Probe (Chrono Boost)  
  14  0:18  Pylon  
  14  0:22  Probe (Chrono Boost)  
  15  0:37  Probe (Chrono Boost)  
  15  0:38  Gateway  
  16  0:43  Assimilator  
  16  0:47  Probe (Chrono Boost)  
  17  0:58  Probe (Chrono Boost)  
  18  1:08  Probe (Chrono Boost)  
  19  1:19  Probe (Chrono Boost)  
  20  1:28  Nexus  
  20  1:41  Cybernetics Core  
  20  1:42  Probe (Chrono Boost)  
  21  1:51  Assimilator  
  21  1:53  Probe (Chrono Boost)  
  22  1:56  Pylon  
  22  2:03  Probe (Chrono Boost)  
  23  2:14  Probe (Chrono Boost)  
  24  2:18  Warp Gate  
  24  2:20  Adept (Chrono Boost)  
  26  2:25  Mothership Core  
  28  2:44  Pylon  
  28  2:46  Probe  
  28  2:47  Probe  
  28  2:49  Stargate  
  30  2:58  Probe  
  30  2:59  Probe  
  32  3:08  Probe  
  32  3:11  Probe, Pylon  
  34  3:13  Pylon  
  34  3:20  Probe  
  34  3:23  Probe  
  34  3:25  Gateway  
  36  3:29  Adept (Chrono Boost)  
  36  3:33  Oracle (Chrono Boost)  
  40  3:38  Probe  
  40  3:39  Probe  
  42  3:44  Pylon  
  42  3:48  Probe  
  43  3:55  Robotics Facility  
  43  4:03  Probe  
  43  4:04  Probe  
  45  4:13  Probe  
  45  4:14  Pylon  
  45  4:16  Probe  
  47  4:18  Phoenix (Chrono Boost)  
  49  4:24  Probe  
  49  4:28  Probe  
  51  4:35  Probe  
  51  4:36  Gateway  
  51  4:37  Gateway  
  52  4:40  Probe  
  52  4:41  Pylon  
  52  4:42  Pylon  
  52  4:45  Probe  
  51  4:51  Void Ray (Chrono Boost)  
  56  4:53  Observer (Chrono Boost)  
  56  4:59  Gateway  
  57  5:11  Adept x2  
  65  5:32  Stalker x3  
  71  5:36  Adept  
Show
View Real Time Build Order
Export as new Build Order

LilDicky Terran 

Build Orders: MMM Bio 

Get SALT Encoding   

  12  0:04  SCV  
  13  0:16  SCV  
  13  0:20  Supply Depot  
  14  0:32  SCV, Refinery  
  15  0:44  SCV  
  15  0:47  Barracks  
  16  0:56  SCV  
  17  1:08  SCV  
  18  1:20  SCV  
  20  1:34  Marine  
  20  1:35  Supply Depot  
  20  1:36  Orbital Command  
  20  1:40  Factory  
  20  1:52  Marine  
  21  2:02  SCV, Barracks  
  22  2:10  Barracks  
  22  2:18  Barracks Reactor  
  22  2:20  Refinery  
  22  2:29  SCV  
  23  2:41  SCV  
  23  2:59  Widow Mine  
  23  3:01  Marine x2  
  23  3:02  Barracks Tech Lab  
  23  3:03  Barracks Tech Lab  
  23  3:05  SCV  
  28  3:17  Supply Depot, SCV  
  29  3:24  Marauder  
  31  3:36  Combat Shields, Stimpack  
  31  3:38  Marine x2  
  31  3:39  Marauder  
  35  3:44  SCV  
  35  3:45  Marine  
  37  3:56  Marine x2  
  37  4:01  SCV, Marine  
  39  4:10  Supply Depot  
  39  4:14  Marine x2  
  39  4:15  Marauder  
  43  4:20  Marauder  
  45  4:32  Marine x2  
  45  4:35  Marine  
  48  4:41  Marauder  
  50  4:50  Marine x2  
  52  4:54  Marauder  
  52  4:57  Concussive Shells  
  54  5:07  Marine  
  54  5:11  Supply Depot  
  55  5:33  SCV  
Tags
 
Add a new tag
Caveats
  • Supply blocks, unpowered buildings, or Contaminate may cause inaccurate times.
  • Supply counts are checked every 10 seconds.